 Dungeon Crawl Stone Soup version 0.29.1-1-gd02db6906a (webtiles) character file.

Game seed: 11000630676630616408

3146 101zpm the Thaumaturge (level 10, -7/61 HPs)
             Began as a Djinni Fire Elementalist on Oct 3, 2022.
             Killed by divine providence
             ... invoked by an orc priest
              (14 damage)
             ... on level 7 of the Dungeon.
             The game lasted 00:36:02 (12980 turns).

101zpm the Thaumaturge (Djinni Fire Elementalist)  Turns: 12980, Time: 00:36:02

Health: -7/61      AC:  4    Str:  7    XL:     10   Next: 15%
Gold:   407        EV: 17    Int: 21    God:
                   SH:  0    Dex: 14

rFire   + + .      SeeInvis .   m - +3 scythe (venom)
rCold   x . .      Faith    .   (shield currently unavailable)
rNeg    . . .      Spirit   .   a - +0 robe
rPois   ∞          Reflect  .   x - +0 helmet
rElec   .          Harm     .   i - scarf {shadows}
rCorr   .          Rampage  .   b - +0 pair of gloves
Will    +....                   (boots unavailable)
Stlth   ++........              p - amulet of the acrobat
HPRegen 0.20/turn               e - +4 ring of evasion
MPRegen 0.00/turn               (no ring)

@: flying
A: sickness immunity, fire resistance 2, cold vulnerability 1, float, innate
caster, HP casting, extra vitality 1
a: no special abilities


You were on level 7 of the Dungeon.
You visited 1 branch of the dungeon, and saw 7 of its levels.
You also visited: Ossuary.

You collected 407 gold pieces.

Inventory:

Hand Weapons
 m - a +3 scythe of venom (weapon)
 w - a +0 falchion of holy wrath
 D - a +2 vampiric short sword
Missiles
 y - 5 boomerangs
 A - 15 poisoned darts
Armour
 a - a +0 robe (worn)
 b - a +0 pair of gloves (worn)
 i - a scarf of shadows (worn)
 x - a +0 helmet (worn)
 z - a +0 ring mail of cold resistance
Jewellery
 e - a +4 ring of evasion (left hand)
 p - an amulet of the acrobat (around neck)
Wands
 l - a wand of quicksilver (9)
Scrolls
 c - 2 scrolls of blinking
 k - 4 scrolls of teleportation
 o - 2 scrolls of amnesia
 q - a scroll of butterflies
 s - a scroll of fear
 B - a scroll of identify
 C - a scroll of vulnerability {unknown}
Potions
 d - 4 potions of lignification {unknown}
 f - a potion of haste {unknown}
 g - 10 potions of curing
 h - 2 potions of resistance {unknown}
 j - 2 potions of berserk rage {unknown}
 n - 4 potions of magic {unknown}
 r - a potion of ambrosia {unknown}
 t - 3 potions of invisibility
 u - 2 potions of heal wounds {unknown}
 v - 2 potions of cancellation {unknown}


   Skills:
 + Level 0.4 Fighting
 + Level 3.8 Dodging
 + Level 3.8 Stealth
 + Level 10.1 Spellcasting


You had 6 spell levels left.
You knew the following spells:

 Your Spells              Type           Power      Damage    Failure   Level
a - Foxfire               Conj/Fire      100%       2x1d9     1%          1
b - Scorch                Fire           100%       2d10      1%          2
c - Conjure Flame         Conj/Fire      52%        6-21      1%          3
d - Inner Flame           Hex/Fire       52%        N/A       1%          3
e - Flame Wave            Conj/Fire      52%        2d13      1%          4
f - Apportation           Tloc           100%       N/A       1%          1
g - Blink                 Tloc           100%       N/A       1%          2
h - Tukima's Dance        Hex            52%        N/A       1%          3
i - Passage of Golubria   Tloc           52%        N/A       1%          4
Your spell library was empty.

Dungeon Overview and Level Annotations

Branches:
Dungeon (7/15)            Ossuary (visited)
 Temple: D:4-7

Altars:

Shops:
D:4 ?


Innate Abilities, Weirdness & Mutations

You are immune to sickness and miasma.
You are immune to poison.
Your flesh is very heat resistant. (rF++)
You are vulnerable to cold. (rC-)
You float through the air rather than walking.
You learn spells naturally, not from books.
Your magical power is your life essence.
You have superior vitality. (+4 MHP)


Message History

Your foxfire dissipates!
Your foxfire dissipates! x2
An orc comes into view. It is wielding a +3 dagger.
Casting: Foxfire (safe; 1% risk of failure)
Confirm with . or Enter, or press ? or * to list all spells.
Aiming: Inner Flame (safe; 1% risk of failure)
Press: ? - help, Dir - move target, f - orc
Aim: an orc, wielding a +3 dagger (wandering, hasn't noticed you, chance to affect: 98%)
The orc is filled with an inner flame.
* * * LOW HITPOINT WARNING * * *
Casting: Foxfire (safe; 1% risk of failure)
Press: ? - help, Q - select action, (/) - cycle Dir - look around, f - activate You conjure some foxfire!
* * * LOW HITPOINT WARNING * * *
Casting: Foxfire (safe; 1% risk of failure)
Press: ? - help, Q - select action, (/) - cycle Dir - look around, f - activate You conjure some foxfire!
* * * LOW HITPOINT WARNING * * *
The foxfire hits the orc!
The orc explodes!
The fiery explosion engulfs your foxfire.
Your foxfire completely resists.
Your foxfire dissipates!
Your foxfire dissipates! x2
An orc priest comes into view. It is wielding a +0 dagger.
Casting: Foxfire (safe; 1% risk of failure)
Confirm with . or Enter, or press ? or * to list all spells.
Aiming: Inner Flame (safe; 1% risk of failure)
Press: ? - help, Dir - move target, f - orc priest
Aim: an orc priest, wielding a +0 dagger (chance to affect: 94%)
The orc priest barely resists.
* * * LOW HITPOINT WARNING * * *
Casting: Foxfire (safe; 1% risk of failure)
Press: ? - help, Q - select action, (/) - cycle Dir - look around, f - activate You conjure some foxfire!
* * * LOW HITPOINT WARNING * * *
An orc comes into view. It is wielding a +0 flail.
The orc priest invokes the aid of Beogh against you.
Beogh smites you!
You die...

#........# #.##
#........# #.#.
######........######...
.○°☼...................
)§§..........:#########
.☼☼§.............).....
.o§☼..........#########
..☼§.v...######
.§§§..@..# o......v.#
...$.....# .........#
##########


You could see an orc priest (ally target) and an orc.

Vanquished Creatures
  Sigmund (D:3)
  Eustachio (D:5)
  Menkaure (D:4)
  2 water moccasins
  An ice beast (D:6)
  2 black bears
  An ogre (D:5)
  A kobold brigand (D:5)
  A phantom (D:5)
  Blork the orc (D:5)
  4 necrophages
  2 scorpions
  4 wights (D:7)
  4 killer bees (D:5)
  A howler monkey (D:7)
  8 hounds
  3 jellies
  6 orc priests
  Ijyb (D:3)
  4 orc wizards
  3 iguanas
  A mummy (Ossuary)
  Robin (D:3)
  5 gnolls
  8 adders
  A shadow imp (D:7)
  A white imp (D:6)
  4 ufetubi
  A worm (D:3)
  4 dart slugs
  13 orcs
  2 spectral bats (Ossuary)
  8 endoplasms
  A giant cockroach (D:3)
  12 gnoll zombies (Ossuary)
  12 goblins
  5 hobgoblins
  4 jackals (D:1)
  29 kobolds
  4 quokkas
  10 ball pythons
  4 bats
  4 bat simulacra (Ossuary)
  2 frilled lizards (D:1)
  7 goblin zombies (Ossuary)
  4 hobgoblin zombies (Ossuary)
  4 kobold simulacra (Ossuary)
  2 kobold zombies (Ossuary)
  5 orc zombies (Ossuary)
  8 rats
  5 rat simulacra (Ossuary)
  4 spectral goblins (Ossuary)
  6 spectral kobolds (Ossuary)
  4 spectral rats (Ossuary)
237 creatures vanquished.

Vanquished Creatures (collateral kills)
  An orc warrior (D:6)
  2 foxfires (D:5)
3 creatures vanquished.

Vanquished Creatures (others)
  550 foxfires
  62 plants (D:5)
612 creatures vanquished.

Grand Total: 852 creatures vanquished

Notes
Turn   | Place    | Note
-------+----------+-------------------------------------------
     0 | D:1      | 101zpm the Djinni Fire Elementalist began the quest for the
                  | Orb.
     0 | D:1      | 101zpm set off with the following spells memorised:
                  | Foxfire, Scorch, Conjure Flame, Inner Flame, Flame Wave.
     0 | D:1      | Reached XP level 1. HP: 15/15 MP: 0/0
   301 | D:1      | Reached XP level 2. HP: 14/21 MP: 0/0
  1038 | D:1      | Reached XP level 3. HP: 21/25 MP: 0/0
  1038 | D:1      | Learned a level 1 spell: Apportation
  1219 | D:2      | Reached skill level 3 in Spellcasting
  2033 | D:2      | Reached XP level 4. HP: 23/31 MP: 0/0
  3092 | D:3      | Reached skill level 4 in Spellcasting
  3092 | D:3      | Reached XP level 5. HP: 27/35 MP: 0/0
  3092 | D:3      | Learned a level 2 spell: Blink
  3645 | D:3      | Reached XP level 6. HP: 26/40 MP: 0/0
  3921 | D:3      | Noticed Sigmund
  3926 | D:3      | Killed Sigmund
  3927 | D:3      | Reached skill level 5 in Spellcasting
  4320 | D:3      | Noticed Ijyb
  4506 | D:3      | Reached XP level 7. HP: 33/45 MP: 0/0
  4506 | D:3      | Learned a level 3 spell: Tukima's Dance
  4666 | D:3      | Killed Ijyb
  5067 | D:3      | Noticed Robin
  5100 | D:3      | Killed Robin
  5903 | D:4      | Found a sand-covered staircase.
  5909 | Ossuary  | Entered an ossuary
  7535 | D:5      | Entered Level 5 of the Dungeon
  7612 | D:4      | Noticed Menkaure
  7618 | D:4      | Killed Menkaure
  7619 | D:4      | Reached skill level 6 in Spellcasting
  7911 | D:4      | Reached XP level 8. HP: 44/50 MP: 0/0
  8030 | D:4      | Found Diynif's Magic Scroll Emporium.
  8080 | D:4      | You are sucked into a shaft and drop 1 floor!
  8871 | D:5      | Noticed Eustachio
  8878 | D:5      | Killed Eustachio
  8879 | D:5      | Reached skill level 7 in Spellcasting
  9057 | D:5      | Noticed Blork the orc
  9064 | D:5      | Killed Blork the orc
  9065 | D:5      | Reached XP level 9. HP: 44/55 MP: 0/0
  9065 | D:5      | Learned a level 4 spell: Passage of Golubria
  9071 | D:5      | Reached skill level 8 in Spellcasting
 10920 | D:6      | Reached skill level 9 in Spellcasting
 12268 | D:7      | Reached XP level 10. HP: 45/61 MP: 0/0
 12929 | D:7      | Reached skill level 10 in Spellcasting
 12980 | D:7      | Killed from afar by an orc priest

Illustrated notes

Levels and vault maps discovered:
D:1:      shiori_shiawase, layout_basic, minmay_pentomino_p2
D:2:      minmay_skewed_foursquare, layout_basic,
          nicolae_concentric_dashed_squares_wild, kennysheep_cluttered_room,
          kennysheep_generic_room_11
D:3:      layout_rooms, serial_co_window_serial, co_window_corner_a,
          co_window_corner_a, co_window_paths_b, co_window_cross_1,
          co_window_paths_a, co_window_corner_b, co_window_of_opportunity_c,
          co_window_corner_ca, co_window_broadway_c, co_window_broadway_b,
          co_window_2corner, glass_columns_a, glass_columns_c, glass_columns_a,
          glass_columns_b, kennysheep_generic_room_12, uniq_robin, uniq_sigmund,
          uniq_ijyb
D:4:      layout_layer_cave, serial_shops, shop, nicolae_ossuary_entry_plus,
          uniq_crazy_yiuf_cottage, uniq_menkaure
D:5:      kennysheep_kobold_camp, layout_basic, glass_columns_a,
          kennysheep_small_square, uniq_eustachio, uniq_blork_the_orc
D:6:      layout_rooms
D:7:      layout_basic, minmay_temple_entry_enclosed_plants

Skill      XL: |  1  2  3  4  5  6  7  8  9 10 |
---------------+-------------------------------+-----
Spellcasting   | 3 4 5 6 7 9 10 | 10.1
Stealth        | 2 3 |  3.8
Dodging        | 3 |  3.8
Fighting       | |  0.4

Action                   |  1- 3 |  4- 6 |  7- 9 | 10-12 || total
-------------------------+-------+-------+-------+-------++-------
Melee: Halberd           |       |       |     6 |       ||     6
 Cast: Foxfire           |    94 |    50 |   165 |    29 ||   338
       Scorch            |     3 |    17 |   112 |     6 ||   138
       Inner Flame       |       |    15 |    82 |    18 ||   115
       Blink             |       |     1 |       |       ||     1
       Conjure Flame     |       |       |     1 |       ||     1
       Tukima's Dance    |       |       |     1 |       ||     1
  Use: Scroll            |       |       |     9 |       ||     9
Armor: Robe              |     2 |     2 |    15 |     1 ||    20
Dodge: Dodged            |     3 |     7 |    79 |       ||    89
